 Dungeon Crawl Stone Soup version 0.25.1-2-g60ff931df9 (webtiles) character file.

Game seed: 3644909002993421754

10642 hawla the Cleaver (level 11, -7/95 HPs)
             Began as a Minotaur Berserker on Oct 18, 2020.
             Was a High Priest of Trog.
             Killed from afar by a green ugly thing (35 damage)
             ... with an exploding inner flame
             ... hexed by the player character
             ... on level 11 of the Dungeon.
             The game lasted 00:26:45 (12772 turns).

hawla the Cleaver (Minotaur Berserker)             Turns: 12772, Time: 00:26:47

Health: -7/95      AC: 15    Str: 24    XL:     11   Next: 38%
Magic:  10/10      EV: 16    Int: 10    God:    Trog [*****.]
Gold:   0          SH:  0    Dex: 11    Spells: 10/10 levels left

rFire    . . .     SeeInvis .   g - +0 war axe
rCold    . . .     Gourm    .   (no shield)
rNeg     . . .     Faith    .   A - +1 ring mail of the Shore {MR+}
rPois    +         Spirit   .   x - +2 hat
rElec    .         Reflect  .   j - +2 cloak
rCorr    .         Harm     .   (no gloves)
MR       +....                  F - +1 pair of boots
Stlth    +.........             (no amulet)
HPRegen  0.25/turn              i - +6 ring of intelligence
MPRegen  0.12/turn              a - ring of poison resistance

@: about to teleport
A: retaliatory headbutt, horns 2
a: Berserk, Trog's Hand, Brothers in Arms, Renounce Religion


You were on level 11 of the Dungeon.
You worshipped Trog.
Trog was extremely pleased with you.
You were not hungry.

You visited 1 branch of the dungeon, and saw 12 of its levels.

You collected 279 gold pieces.
You spent 279 gold pieces at shops.

Inventory:

Hand Weapons
 g - a +0 war axe (weapon)
 C - a +0 quarterstaff
 E - a +2 hand axe of freezing
 G - a +3 scimitar of flaming
Missiles
 u - 7 boomerangs
 H - 5 atropa-tipped darts (quivered)
 I - 10 poisoned darts
Armour
 j - a +2 cloak (worn)
 x - a +2 hat (worn)
 y - the +1 robe "Pietywo" {rN+}
   (You bought it in a shop on level 5 of the Dungeon)

   It protects you from negative energy.
 A - the +1 ring mail of the Shore (worn) {MR+}
   (You bought it in a shop on level 5 of the Dungeon)

   It affects your resistance to hostile enchantments.
 F - a +1 pair of boots (worn)
Jewellery
 a - a ring of poison resistance (right hand)
 i - a +6 ring of intelligence (left hand)
 o - an uncursed ring of fire
Wands
 e - a wand of acid (3)
 m - a wand of iceblast (6)
Scrolls
 b - 3 scrolls of enchant armour
 d - 2 scrolls of teleportation
 n - 9 scrolls of identify
 v - 3 scrolls of remove curse
Potions
 f - 2 potions of stabbing
 h - a potion of brilliance
 k - 5 potions of curing
 l - 2 potions of might
 r - a potion of magic {unknown}
 s - 3 potions of flight {unknown}
 t - 2 potions of berserk rage {unknown}
 z - a potion of resistance {unknown}
 B - a potion of mutation {unknown}
 K - a potion of haste
Comestibles
 c - 21 rations
 p - 9 chunks of flesh


   Skills:
 + Level 8.7 Fighting
 + Level 3.5 Long Blades
 + Level 11.6(12.1) Axes
   Level 5.8(10.0) Maces & Flails
 + Level 4.3(5.8) Staves
 + Level 3.1 Throwing
 + Level 8.1 Armour
 * Level 10.6 Dodging
 + Level 0.6 Evocations


You had 10 spell levels left.
You didn't know any spells.
Your spell library was empty.

Dungeon Overview and Level Annotations

Branches:
Dungeon (12/15)            Temple (0/1) D:5            Lair (0/6) D:11
    Orc (0/2) D:9

Altars:
Ashenzari
Elyvilon
Hepliaklqana
Kikubaaqudgha
Makhleb
Nemelex Xobeh
Okawaru
Ru
Uskayaw
Yredelemnul
The Shining One

Shops:
D:5 [

Annotations:
D:10 Maurice


Innate Abilities, Weirdness & Mutations

You reflexively headbutt those who attack you in melee.
You have a pair of horns on your head.


Message History

You headbutt the worker ant.
The worker ant explodes!
The fiery explosion engulfs you!!!
* * * LOW HITPOINT WARNING * * *
The fiery explosion engulfs the adder!!
The adder explodes!
The fiery explosion engulfs the green ugly thing!!!
Flame seeps out of the green ugly thing.
The green ugly thing is severely wounded.
The fiery explosion engulfs the orc wizard!!
The orc wizard explodes!
The fiery explosion engulfs the two-headed ogre!!
The two-headed ogre explodes!
The fiery explosion engulfs the green ugly thing!!
The green ugly thing explodes!
The fiery explosion engulfs the cyclops!
Flame seeps out of the cyclops.
The cyclops is moderately wounded.
The fiery explosion engulfs you!!
You die...

#....)).###....##........##
#..............##........##
###.###........#########...
#.# #............. #[.. #.#
######...............
..#######................ .
#...#.................
#.....................
#..§§@§§..............
#..C○§§§..............
#Y.§§§§§..............
......§§§.o......
................
.......u........
##..............
#..............


You could see a green ugly thing (inner flame), a cyclops (inner flame), a sky
beast (inner flame) and an orc (inner flame).

Vanquished Creatures
  2 two-headed ogres
  An unseen horror (D:9)
  An ugly thing (D:12)
  A gargoyle (D:9)
  A troll (D:11)
  2 hornets
  A hippogriff (D:4)
  A shadow (D:11)
  A vampire (D:10)
  5 yaks (D:10)
  3 hungry ghosts
  Menkaure (D:6)
  2 soldier ants (D:10)
  Duvessa (D:5)
  3 sky beasts (D:8)
  5 ice beasts
  A black bear (D:7)
  2 orc warriors
  An eye of draining (D:10)
  3 ogres
  A crocodile (D:11)
  A phantom (D:7)
  6 centaurs
  A big kobold (D:11)
  4 bullfrogs
  A scorpion (D:7)
  Dowan (D:5)
  16 killer bees
  3 howler monkeys
  2 crimson imps
  2 bullfrog zombies
  A centaur zombie (D:7)
  2 hounds
  2 jellies
  2 bullfrog skeletons (D:10)
  3 orc priests
  3 centaur skeletons
  5 orc wizards
  5 iguanas
  8 worker ants
  A killer bee zombie (D:10)
  A worker ant zombie (D:6)
  Robin (D:3)
  A howler monkey skeleton (D:5)
  13 adders
  4 shadow imps
  An ooze (D:6)
  2 adder skeletons
  3 dart slugs
  3 worms
  9 leopard geckos
  30 orcs
  3 giant cockroaches
  14 goblins
  5 hobgoblins
  20 jackals
  11 kobolds
  2 quokkas
  2 ball pythons (D:2)
  4 bats
  2 frilled lizards
  A jackal skeleton (D:4)
  2 quokka zombies (D:7)
  7 rats
  A toadstool (D:2)
250 creatures vanquished.

Vanquished Creatures (collateral kills)
  An orc priest (D:11)
1 creature vanquished.

Vanquished Creatures (others)
  Erica (D:9)
  2 toadstools (D:2)
3 creatures vanquished.

Grand Total: 254 creatures vanquished

Notes
Turn   | Place    | Note
-------+----------+-------------------------------------------
     0 | D:1      | hawla the Minotaur Berserker began the quest for the Orb.
     0 | D:1      | Reached XP level 1. HP: 19/19 MP: 0/0
   161 | D:1      | Reached skill level 4 in Axes
   239 | D:1      | Reached XP level 2. HP: 16/27 MP: 1/1
   817 | D:1      | Reached XP level 3. HP: 33/33 MP: 2/2
  1094 | D:2      | Reached ** piety under Trog
  2122 | D:3      | Reached XP level 4. HP: 40/40 MP: 3/3
  2346 | D:3      | Noticed a centaur
  2351 | D:3      | Killed a centaur
  2351 | D:3      | Reached skill level 5 in Axes
  2351 | D:3      | Reached XP level 5. HP: 36/47 MP: 4/4
  2672 | D:3      | Noticed Robin
  2691 | D:3      | Killed Robin
  3052 | D:3      | Found a burning altar of Makhleb.
  3052 | D:3      | Noticed an Executioner
  3148 | D:4      | Reached skill level 6 in Axes
  3148 | D:4      | Reached XP level 6. HP: 41/55 MP: 5/5
  3163 | D:4      | Noticed a hippogriff
  3190 | D:4      | Killed a hippogriff
  3190 | D:4      | Reached skill level 5 in Fighting
  3193 | D:4      | Reached *** piety under Trog
  3390 | D:4      | Noticed a hungry ghost
  3415 | D:4      | Killed a hungry ghost
  3415 | D:4      | Reached skill level 7 in Axes
  3415 | D:4      | Reached skill level 5 in Dodging
  3415 | D:4      | Reached XP level 7. HP: 54/61 MP: 6/6
  4046 | D:5      | Entered Level 5 of the Dungeon
  4083 | D:5      | Found Pauhogh's Antique Armour Emporium.
  4096 | D:4      | Reached skill level 1 in Maces & Flails
  4342 | D:5      | Reached skill level 5 in Armour
  4486 | D:5      | Bought a shadowed robe for 108 gold pieces
  4486 | D:5      | Bought a smoking ring mail for 171 gold pieces
  4496 | D:5      | Identified the cursed +1 ring mail of the Shore {MR+} (You
                  | bought it in a shop on level 5 of the Dungeon)
  4508 | D:5      | Identified the cursed +1 robe "Pietywo" {rN+} (You bought
                  | it in a shop on level 5 of the Dungeon)
  4692 | D:5      | Found a staircase to the Ecumenical Temple.
  4944 | D:5      | Reached XP level 8. HP: 57/69 MP: 7/7
  5123 | D:5      | Noticed Duvessa
  5123 | D:5      | Noticed Dowan
  5132 | D:5      | Killed Dowan
  5136 | D:5      | Killed Duvessa
  5733 | D:6      | Found a hazy altar of Hepliaklqana.
  5783 | D:6      | Found a sacrificial altar of Ru.
  6238 | D:6      | Noticed Menkaure
  6245 | D:6      | Killed Menkaure
  6480 | D:6      | Found a basalt altar of Yredelemnul.
  6742 | D:7      | Reached skill level 5 in Maces & Flails
  7062 | D:7      | Reached skill level 1 in Throwing
  7062 | D:7      | Reached XP level 9. HP: 70/75 MP: 8/8
  7264 | D:7      | Found a shattered altar of Ashenzari.
  7266 | D:7      | Found a white marble altar of Elyvilon.
  7266 | D:7      | Found a hide-covered altar of Uskayaw.
  7266 | D:7      | Found a sparkling altar of Nemelex Xobeh.
  7274 | D:7      | Found an iron altar of Okawaru.
  7279 | D:7      | Found an ancient bone altar of Kikubaaqudgha.
  7487 | D:7      | Reached skill level 8 in Axes
  7567 | D:7      | Reached **** piety under Trog
  7731 | D:8      | Found a glowing golden altar of the Shining One.
  8067 | D:8      | Noticed a two-headed ogre
  8079 | D:8      | Killed a two-headed ogre
  8079 | D:8      | Reached skill level 9 in Axes
  8331 | D:8      | Reached XP level 10. HP: 86/86 MP: 3/9
  8668 | D:9      | Noticed a gargoyle
  8682 | D:9      | Killed a gargoyle
  8917 | D:9      | Noticed Erica
  8928 | D:9      | Killed Erica
  8928 | D:9      | Reached skill level 1 in Long Blades
  8928 | D:9      | Reached skill level 10 in Axes
  8928 | D:9      | Reached skill level 1 in Staves
  9110 | D:9      | You fall into a shaft and drop 3 floors!
  9112 | D:12     | Noticed a green ugly thing
  9122 | D:12     | Killed a green ugly thing
  9281 | D:11     | Noticed a two-headed ogre
  9291 | D:11     | Killed a two-headed ogre
  9576 | D:10     | Entered Level 10 of the Dungeon
  9592 | D:10     | Reached skill level 10 in Dodging
  9758 | D:10     | Reached skill level 11 in Axes
  9758 | D:10     | Reached XP level 11. HP: 52/95 MP: 10/10
 10361 | D:10     | Reached ***** piety under Trog
 10703 | D:9      | Killed an unseen horror
 10900 | D:9      | Found a staircase to the Orcish Mines.
 11568 | D:10     | Noticed Maurice
 12432 | D:11     | Found a staircase to the Lair.
 12450 | D:11     | Noticed a green ugly thing
 12763 | D:11     | Noticed a two-headed ogre
 12770 | D:11     | Noticed a green ugly thing
 12772 | D:11     | Killed a two-headed ogre
 12772 | D:11     | Killed a green ugly thing
 12772 | D:11     | Killed from afar by a green ugly thing

Illustrated notes

Levels and vault maps discovered:
D:1:      dpeg_arrival_another_circle, layout_basic, palyth_stone_intersect
D:2:      layout_basic, minmay_gold_behind_fungi
D:3:      layout_basic, makhleb_altar_promises_db, uniq_robin
D:4:      layout_rooms, first_ration, kennysheep_path_1, minmay_unequal
D:5:      layout_loops_ring, minmay_temple_entry_drinking_statues, serial_shops,
          nicolae_shop_behind_doors, dk_rats_in_the_wall, uniq_duvessa
D:6:      layout_basic, lemuel_doored_altar,
          chequers_temple_overflow_statue_of_worship, uniq_menkaure
D:7:      layout_rooms, minmay_overflow_temple_hex
D:8:      layout_gridville, tso_metal_star
D:9:      layout_roguey, orc_0_dummy, uniq_erica
D:10:     layout_basic, hangedman_pestilent_swarm, uniq_maurice
D:11:     layout_basic, lair_entry_dummy, serial_shops, shop
D:12:     layout_basic, uniq_sonja, uniq_kirke

Skill      XL: |  1  2  3  4  5  6  7  8  9 10 11 |
---------------+----------------------------------+-----
Axes           | 4 5 6 7 9 11 | 11.6
Fighting       | 4 5 6 7 8 |  8.7
Dodging        | 3 4 5 7 9 10 | 10.6
Armour         | 3 4 5 6 7 8 |  8.1
Maces & Flails | 1 5 |  5.8
Throwing       | 1 2 3 |  3.1
Long Blades    | 2 3 |  3.5
Staves         | 4 |  4.3
Evocations     | |  0.6

Action                   |  1- 3 |  4- 6 |  7- 9 | 10-12 || total
-------------------------+-------+-------+-------+-------++-------
Melee: Hand axe          |    77 |   100 |    63 |   130 ||   370
       Headbutt          |     7 |    23 |    53 |    67 ||   150
       Mace              |       |       |   141 |       ||   141
       War axe           |       |       |    92 |    27 ||   119
       Demon blade       |       |       |     7 |    10 ||    17
       Quarterstaff      |       |       |       |    62 ||    62
       Scimitar          |       |       |       |    43 ||    43
Throw: Boomerang         |       |       |    16 |    16 ||    32
       Dart              |       |       |       |     7 ||     7
Invok: Trog's Hand       |       |       |     4 |       ||     4
       Berserk           |       |       |     1 |     1 ||     2
       Brothers in Arms  |       |       |       |     1 ||     1
Evoke: Wand              |       |     1 |     8 |       ||     9
  Use: Scroll            |     7 |     1 |     6 |     3 ||    17
       Potion            |       |       |     8 |     2 ||    10
 Stab: Paralysed         |       |       |     3 |       ||     3
       Sleeping          |       |       |     2 |       ||     2
  Eat: Chunk             |     4 |     3 |    13 |     6 ||    26
       Ration            |       |     2 |     1 |     4 ||     7
Armor: Animal skin       |     5 |       |       |       ||     5
       Leather armour    |    16 |     1 |       |       ||    17
       Ring mail         |       |    49 |    88 |   104 ||   241
       Robe              |       |       |    22 |       ||    22
       Chain mail        |       |       |     2 |       ||     2
       Skin              |       |       |    47 |       ||    47
Dodge: Dodged            |    57 |    83 |   256 |   207 ||   603
       Rpst.: Demon blade |       |       |     2 |     1 ||     3
       Scimitar          |       |       |       |     8 ||     8
